 Dungeon Crawl Stone Soup version 0.29.1-15-g9cfb28693d (webtiles) character file.

Game seed: 9165208661429526533

2 fozzywoppz the Trooper (level 1, 0/18 HPs)
             Began as a Demonspawn Monk on Mar 12, 2023.
             Slain by a jackal (1 damage)
             ... on level 1 of the Dungeon.
             The game lasted 00:00:34 (55 turns).

fozzywoppz the Trooper (Demonspawn Monk)              Turns: 55, Time: 00:00:34

Health: 0/18       AC:  2    Str: 11    XL:     1   Next: 25%
Magic:  1/1        EV: 13    Int: 11    God:
Gold:   9          SH:  0    Dex: 15    Spells: 0/0 levels left

rFire   . . .      SeeInvis .     - Unarmed
rCold   . . .      Faith    .   (no shield)
rNeg    . . .      Spirit   .   a - +0 robe
rPois   .          Reflect  .   (no helmet)
rElec   .          Harm     .   (no cloak)
rCorr   .          Rampage  .   (no gloves)
Will    .....                   (no boots)
Stlth   ++........              (no amulet)
HPRegen 0.06/turn               (no ring)
MPRegen 0.07/turn               (no ring)

@: no status effects
A: no striking features
a: no special abilities


You were on level 1 of the Dungeon.
You visited 1 branch of the dungeon, and saw 1 of its levels.

You collected 9 gold pieces.

Inventory:

Armour
 a - a +0 robe (worn)
Potions
 b - a potion of ambrosia


   Skills:
 + Level 3.0 Fighting
 + Level 2.7 Dodging
 + Level 1.8 Stealth
 + Level 2.7 Unarmed Combat


You couldn't memorise any spells.
You didn't know any spells.
Your spell library contained the following spells:

 Spells                   Type           Power      Damage    Failure   Level
 Corpse Rot               Necr/Pois/Air  0%         N/A       98%         4
 Dispel Undead            Necr           0%         3d6       98%         4
 Death Channel            Necr           0%         N/A       100%        6


Dungeon Overview and Level Annotations

Branches:
Dungeon (1/15)

Altars:


Message History

The kobold closely misses you.
You hit the kobold but do no damage. The jackal closely misses you.
The kobold hits you with a +0 dagger. The jackal closely misses you.
You closely miss the kobold. The kobold closely misses you.
The jackal bites you but does no damage.
The jackal bites you. The jackal attacks as you move away!
The jackal bites you. x2
The jackal misses you. The kobold attacks as you move away!
The kobold barely misses you. The kobold attacks as you move away!
The kobold hits you with a +0 dagger. The jackal closely misses you.
The jackal attacks as you move away!
The jackal bites you but does no damage.
The jackal closely misses you. The kobold attacks as you move away!
The kobold hits you with a +0 dagger. The kobold attacks as you move away!
The kobold hits you with a +0 dagger. The jackal attacks as you move away!
The jackal misses you. The kobold attacks as you move away!
The kobold barely misses you. The jackal closely misses you.
The kobold attacks as you move away! The kobold hits you with a +0 dagger.
A ball python comes into view.
The jackal attacks as you move away! The jackal bites you.
* * * LOW HITPOINT WARNING * * *
The kobold hits you but does no damage. The jackal closely misses you.
You hit the jackal.
The jackal is lightly wounded.
The kobold barely misses you. The jackal barely misses you.
You hit the jackal but do no damage.
The jackal is lightly wounded.
The kobold misses you. The jackal misses you. The jackal barely misses you.
You closely miss the jackal.
The jackal is lightly wounded.
The jackal bites you.
* * * LOW HITPOINT WARNING * * *
The jackal barely misses you. The kobold hits you with a +0 dagger.
* * * LOW HITPOINT WARNING * * *
The jackal barely misses you. x2
You hit the jackal but do no damage. The kobold hits you but does no damage.
The jackal bites you.
You die...

#########
..S.....#
......#.#
#..........##
.....#......#....#
.....#.....#...h.#
#....#....#[..Bh@#
.#.^.#...#....BK##
..#.....#......K#
...#...#........#
.........)†.....#
##...<...######.#
...........B....#
...#...#........#
..#.....#.......#


You could see 2 jackals, 2 giant cockroaches, a ball python (asleep) and 2
kobolds.

Vanquished Creatures
  A jackal (D:1)
  A goblin (D:1)
2 creatures vanquished.

Notes
Turn   | Place    | Note
-------+----------+-------------------------------------------
     0 | D:1      | fozzywoppz the Demonspawn Monk began the quest for the Orb.
     0 | D:1      | Reached XP level 1. HP: 18/18 MP: 1/1
    55 | D:1      | Slain by a jackal

Illustrated notes

Levels and vault maps discovered:
D:1:      minmay_arrival_radiant_lines, layout_rooms,
          ebering_ecumenical_altar_petrified

Action                   || total
-------------------------++-------
Melee: Unarmed           ||    10
Armor: Robe              ||     6
Dodge: Dodged            ||    27
